 Seeded DCSS version 0.29-a0-25-g7f48f510a0 (webtiles) character file.

Game seed: 10000000000011 (custom seed)

737 knot the Chopper (level 7, -2/78 HPs)
             Began as a Demonspawn Berserker on Jan 31, 2022.
             Was a Believer of Trog.
             Slain by an unseen horror (6 damage)
             ... on level 5 of the Dungeon.
             The game lasted 00:03:50 (4917 turns).

knot the Chopper (Demonspawn Berserker)             Turns: 4917, Time: 00:03:50

Health: -2/78      AC:  2    Str: 17    XL:     7   Next: 46%
Magic:  0/7        EV: 12    Int: 11    God:    Trog [**....]
Gold:   162        SH:  5    Dex: 12    Spells: 6/6 levels left

rFire   . . .      SeeInvis .   r - +0 war axe
rCold   . . .      Faith    .   (no shield)
rNeg    . . .      Spirit   +   b - +0 animal skin
rPois   .          Reflect  +   (no helmet)
rElec   .          Harm     .   (no cloak)
rCorr   .          Rampage  .   (no gloves)
Will    .....                   (no boots)
Stlth   ..........              d - amulet of reflection
HPRegen 0.23/turn               (no ring)
MPRegen 0.20/turn               (no ring)

@: berserking (expiring), very quick
A: magic shield, magic regeneration, demonic touch 2
a: Renounce Religion, Berserk, Trog's Hand


You were on level 5 of the Dungeon.
You worshipped Trog.
Trog was pleased with you.
You visited 1 branch of the dungeon, and saw 5 of its levels.

You collected 162 gold pieces.

Inventory:

Hand Weapons
 r - a +0 war axe (weapon)
Missiles
 f - 105 stones (quivered)
 k - 2 poisoned darts
 p - 4 boomerangs
Armour
 b - a +0 animal skin (worn)
Jewellery
 d - an amulet of reflection (around neck)
Wands
 q - a wand of flame (23)
Scrolls
 c - a scroll of amnesia {unknown}
 j - 2 scrolls of identify {unknown}
 m - 2 scrolls of blinking {unknown}
 n - a scroll of fog {unknown}
Potions
 e - a potion of curing {unknown}
 g - a potion of lignification {unknown}
 h - a potion of might {unknown}
 i - a potion of magic {unknown}
 l - a potion of heal wounds {unknown}


   Skills:
 - Level 3.0 Fighting
 * Level 6.6 Axes
 * Level 4.3 Throwing
 - Level 1.7 Armour
 - Level 1.7 Dodging


You had 6 spell levels left.
You didn't know any spells.
Your spell library contained the following spells:

 Spells                   Type           Power      Damage    Failure   Level
 Corpse Rot               Necr/Air       0%         N/A       47%         2
 Ensorcelled Hibernation  Hex/Ice        0%         N/A       47%         2
 Passwall                 Tmut/Erth      0%         N/A       47%         2
 Poisonous Vapours        Pois/Air       0%         N/A       47%         2
 Swiftness                Air            0%         N/A       71%         3


Dungeon Overview and Level Annotations

Branches:
Dungeon (5/15)             Temple (0/1) D:4

Altars:

Shops:
D:3 [


Innate Abilities, Weirdness & Mutations

When hurt, damage is shared between your health and your magic reserves.
You regenerate magic rapidly.
Your touch may inflict irresistible damage on your foes.


Message History

You now have 162 gold pieces (gained 9).
Deactivating autopickup; reactivate with Ctrl-A.
You hit something. Something barely misses you. Something hits you.
No target in view!
No target in view!
Aiming: Polymorph
Press: ? - help, Shift-Dir - straight line Nothing appears to happen.
The now-empty wand crumbles to dust.
Something hits you!
You don't have any such object.
Evoke which item? (* to show all) (? for menu, Esc to quit)
Okay, then.
Aiming: Throw Flame
Press: ? - help, Shift-Dir - straight line The puff of flame hits something!
Something hits you!
Aiming: Throw Flame
Press: ? - help, Shift-Dir - straight line The puff of flame hits something.
Something hits you. You block something's attack. Something hits you.
Something hits you. You block something's attack. Something hits you.
A red film seems to cover your vision as you go berserk!
You feel yourself moving faster!
You feel mighty! You block something's attack. Something hits you.
You closely miss something. Something hits you!
You closely miss something. Something hits you but does no damage.
Something hits you!
* * * LOW HITPOINT WARNING * * *
You closely miss something. Your punch misses something. Something hits you!
* * * LOW HITPOINT WARNING * * *
Something hits you.
* * * LOW HITPOINT WARNING * * *
You slash something! Your touch misses something. Your punch misses something.
Something hits you.
* * * LOW HITPOINT WARNING * * *
You hit something. Your touch misses something. Something hits you!
* * * LOW HITPOINT WARNING * * *
Something hits you!
You die...

.####...## ..........
....... # ...... .#
#...# ##. #...# ..
#.#.# .# #..
#...###.#.....
.###########....@.....#
............######.##.#
..###..####..........
##.####.#.#.#.###.#
#........# #
##.####.###
..###.........#
.....)..###...
#######.# ###


There were no monsters in sight!

Vanquished Creatures
  A kobold demonologist (D:5)
  An ogre (D:3)
  A wolf (D:4)
  A scorpion (D:4)
  Dowan (D:4)
  An orc priest (D:4)
  2 centaur skeletons
  Ijyb (D:4)
  5 adders
  2 orcs (D:4)
  6 endoplasms
  2 giant cockroaches
  5 goblins
  5 hobgoblins
  14 jackals
  A quokka (D:4)
  4 ball pythons
  7 bats
  5 frilled lizards
  3 kobolds
  5 rats
73 creatures vanquished.

Notes
Turn   | Place    | Note
-------+----------+-------------------------------------------
     0 | D:1      | knot the Demonspawn Berserker began the quest for the Orb.
     0 | D:1      | Reached XP level 1. HP: 18/18 MP: 1/1
   151 | D:1      | Reached skill level 3 in Axes
   311 | D:1      | Gained mutation: You regenerate magic rapidly. [demonic
                  | ancestry]
   311 | D:1      | Reached XP level 2. HP: 14/24 MP: 2/2
  1460 | D:2      | Gained mutation: Your touch may inflict minor irresistible
                  | damage on your foes. [demonic ancestry]
  1460 | D:2      | Reached XP level 3. HP: 29/29 MP: 3/3
  1575 | D:2      | Reached ** piety under Trog
  1576 | D:2      | Reached skill level 4 in Axes
  2198 | D:2      | Reached XP level 4. HP: 26/35 MP: 4/4
  2674 | D:3      | Noticed an ogre
  3057 | D:3      | Found Daocsar's Antique Armour Emporium.
  3177 | D:3      | Killed an ogre
  3178 | D:3      | Reached skill level 5 in Axes
  3178 | D:3      | Reached skill level 1 in Throwing
  3178 | D:3      | Reached XP level 5. HP: 41/41 MP: 5/5
  3724 | D:4      | Noticed Duvessa
  3813 | D:4      | Noticed Duvessa
  3813 | D:4      | Duvessa changed into Duvessa the wolf
  3822 | D:4      | Killed Duvessa the wolf
  3823 | D:4      | Gained mutation: Your touch may inflict irresistible damage
                  | on your foes. [demonic ancestry]
  3823 | D:4      | Reached XP level 6. HP: 47/47 MP: 6/6
  3879 | D:4      | Noticed Dowan
  3916 | D:4      | Killed Dowan
  4156 | D:4      | Noticed Ijyb
  4185 | D:4      | Killed Ijyb
  4309 | D:4      | Found a staircase to the Ecumenical Temple.
  4325 | D:4      | Reached skill level 6 in Axes
  4800 | D:5      | Entered Level 5 of the Dungeon
  4809 | D:5      | Noticed a kobold demonologist
  4817 | D:5      | Killed a kobold demonologist
  4818 | D:5      | Gained mutation: When hurt, damage is shared between your
                  | health and your magic reserves. [demonic ancestry]
  4818 | D:5      | Reached XP level 7. HP: 52/52 MP: 7/7
  4916 | D:5      | HP: 3/78 [something (7)]
  4917 | D:5      | Slain by an unseen horror

Illustrated notes

Levels and vault maps discovered:
D:1:      lordsloth_arrival_two_stooges, layout_basic, grunt_decor_fettered,
          minmay_misc_feat_diagonals, nicolae_concentric_dashed_squares_wild
D:2:      layout_rooms, hangedman_decor_clover_reticule
D:3:      layout_basic, serial_shops, shop, kennysheep_path_1
D:4:      layout_rooms, temple_doors_e, uniq_duvessa, uniq_ijyb
D:5:      layout_loops_cross, nicolae_uskayaw_suspiria, item_on_display_a

Skill      XL: |  1  2  3  4  5  6 |
---------------+-------------------+-----
Axes           | 3 4 5 6 |  6.6
Throwing       | 1 2 4 |  4.3
Fighting       | |  3.0
Armour         | |  1.7
Dodging        | |  1.7

Action                   |  1- 3 |  4- 6 |  7- 9 || total
-------------------------+-------+-------+-------++-------
Melee: Hand axe          |   117 |    79 |       ||   196
       Touch             |     4 |    19 |     1 ||    24
       Punch             |     1 |     2 |       ||     3
       War axe           |       |     7 |     9 ||    16
Throw: Dart              |       |     2 |       ||     2
       Stone             |       |     2 |       ||     2
Invok: Berserk           |     3 |     8 |     1 ||    12
Evoke: Wand              |       |     7 |     3 ||    10
 Stab: Sleeping          |     1 |     2 |       ||     3
Armor: Animal skin       |    32 |     8 |     3 ||    43
Dodge: Dodged            |    63 |    45 |     3 ||   111
Block: Other             |    24 |    20 |     3 ||    47

Table legend: (Time is in decaauts)
 A = Elapsed time spent in this place.
 B = Non-inter-level travel time spent in this place.
 C = Inter-level travel time spent in this place.
 D = Time resting spent in this place.
 E = Time spent auto-exploring this place.
 F = Levels seen in this place.
 G = Mean time per level.
                   A        B        C        D        E       F      G
               +--------+--------+--------+--------+--------+-----+--------+
         Total |   5045 |   4944 |    101 |   1691 |   2637 |   5 | 1009.0 |
       Dungeon |   5045 |   4944 |    101 |   1691 |   2637 |   5 | 1009.0 |
               +--------+--------+--------+--------+--------+-----+--------+

Top non-repeatable levels by time:
     D:1: 1487 daAuts
     D:2: 1423 daAuts
     D:4: 1340 daAuts
     D:3: 665 daAuts
     D:5: 128 daAuts
